 Dungeon Crawl Stone Soup version 0.25-a0-834-g55863b0b92 (webtiles) character file.

Game seed: 4308995342257673155, levelgen mode: deterministic

167 mewn the Grave Robber (level 5, -2/35 HPs)
             Began as a Mummy Necromancer on Apr 23, 2020.
             Slain by Grinder (3 damage)
             ... on level 3 of the Dungeon.
             The game lasted 00:19:40 (2738 turns).

mewn the Grave Robber (Mummy Necromancer)           Turns: 2738, Time: 00:19:41

Health: -2/35      AC:  3    Str: 11    XL:     5   Next: 23%
Magic:  12/12      EV: 12    Int: 15    God:
Gold:   155        SH:  0    Dex: 13    Spells: 8/13 levels left

rFire    . . .     SeeInvis .   (no weapon)
rCold    + . .     Gourm    .   (no shield)
rNeg     + + +     Faith    .   a - +0 robe
rPois    ∞         Spirit   .   (no helmet)
rElec    .         Reflect  .   (no cloak)
rCorr    .         Harm     .   (no gloves)
MR       .....                  b - +0 pair of boots
Stlth    ++........             (no amulet)
HPRegen  0.11/turn              (no ring)
MPRegen  0.13/turn              d - ring of protection from fire

@: no status effects
A: no food or potions, fire vulnerability, cold resistance 1, negative energy
resistance 3, torment resistance, unbreathing
a: no special abilities


You were on level 3 of the Dungeon.
You were not hungry.

You visited 1 branch of the dungeon, and saw 3 of its levels.

You collected 155 gold pieces.

Inventory:

Hand Weapons
 c - a +3 hunting sling
Missiles
 p - 15 bolts
Armour
 a - a +0 robe (worn)
 b - a +0 pair of boots (worn)
 g - a +0 helmet
 k - a +0 robe
 o - a +0 robe
Jewellery
 d - a ring of protection from fire (right hand)
 f - an uncursed amulet of harm
Wands
 h - a wand of random effects (21)
 n - a wand of enslavement (1)
Scrolls
 e - a scroll of teleportation
 i - 3 scrolls of remove curse
 j - 2 scrolls of identify {unknown}
 l - a scroll of amnesia {unknown}
 m - a scroll of enchant armour {unknown}


   Skills:
 + Level 0.2 Fighting
 + Level 1.9 Dodging
 + Level 1.9 Stealth
 + Level 0.1 Unarmed Combat
 + Level 4.7 Spellcasting
 + Level 5.3 Necromancy


You had 8 spell levels left.
You knew the following spells:

 Your Spells              Type           Power        Failure   Level  Hunger
a - Pain                  Necr           ###.         1%          1    N/A
b - Animate Dead          Necr           N/A          19%         4    N/A

Your spell library contained the following spells:

 Spells                   Type           Power        Failure   Level  Hunger
 Animate Skeleton         Necr           N/A          1%          1    N/A
 Vampiric Draining        Necr           ###.......   5%          3    N/A
 Agony                    Necr           ###.....     45%         5    N/A

Dungeon Overview and Level Annotations

Branches:
Dungeon (3/15)

Altars:
Nemelex Xobeh
Xom

Annotations:
D:3 Grinder


Innate Abilities, Weirdness & Mutations

You do not eat or drink.
Your flesh is vulnerable to fire.
You are immune to poison.
Your flesh is cold resistant. (rC+)
You are immune to negative energy. (rN+++)
You are immune to unholy pain and torment.
You can survive without breathing.


Message History

Evoke which item? (* to show all) (? for menu, Esc to quit)
Aiming: Enslavement
Press: ? - help, Shift-Dir - straight line, f/p - Grinder
Aim: Grinder (almost dead, chance to defeat MR: 46%) Grinder resists with some effort.
Evoke which item? (* to show all) (? for menu, Esc to quit)
Aiming: Enslavement
Press: ? - help, Shift-Dir - straight line, f/p - Grinder
Aim: Grinder (almost dead, chance to defeat MR: 46%) Grinder resists with some effort.
Grinder hits you.
* * * LOW HITPOINT WARNING * * *
Evoke which item? (* to show all) (? for menu, Esc to quit)
Aiming: Enslavement
Press: ? - help, Shift-Dir - straight line, f/p - Grinder
Aim: Grinder (almost dead, chance to defeat MR: 46%) Grinder resists with some effort.
Grinder hits you but does no damage.
You closely miss Grinder.
Grinder is almost dead.
Grinder hits you.
You die...

#.. #.# ########.#
#.....##.#
###.....##.#
#.#.....##.#
#.#.....##.#
##.#.Z.5@...#
##.%#..)..#### #####
#...#.....#
....####Z#.#.....#
##.......#.#..####
###
###..>..#..)#########
#.#
#.........(..........
#.#
#.#####.#.###########
#.# ##.........# #.#


You could see Grinder and a friendly worker ant zombie (paralysed).

Vanquished Creatures
  An orc priest (D:3)
  5 adders
  An ooze (D:3)
  2 dart slugs
  A leopard gecko (D:3)
  4 orcs
  3 giant cockroaches
  2 goblins
  6 hobgoblins
  5 jackals
  2 quokkas (D:2)
  A ball python (D:1)
  6 bats
  6 frilled lizards
  6 kobolds
  9 rats
  2 butterflies (D:2)
62 creatures vanquished.

Vanquished Creatures (collateral kills)
  A worker ant (D:3)
  An adder (D:3)
  An orc (D:3)
  2 jackals (D:3)
  A kobold (D:3)
  A quokka (D:3)
7 creatures vanquished.

Vanquished Creatures (others)
  An orc (D:3)
1 creature vanquished.

Grand Total: 70 creatures vanquished

Notes
Turn   | Place    | Note
-------+----------+-------------------------------------------
     0 | D:1      | mewn the Mummy Necromancer began the quest for the Orb.
     0 | D:1      | Reached XP level 1. HP: 13/13 MP: 4/4
   265 | D:1      | Reached XP level 2. HP: 19/19 MP: 1/5
   854 | D:1      | Reached XP level 3. HP: 19/24 MP: 4/7
  1065 | D:2      | Found a shimmering altar of Xom.
  1368 | D:2      | Reached skill level 5 in Necromancy
  1368 | D:2      | Reached XP level 4. HP: 30/30 MP: 3/9
  1376 | D:2      | Learned a level 4 spell: Animate Dead
  2313 | D:3      | Found a faded altar of an unknown god.
  2428 | D:3      | Found a sparkling altar of Nemelex Xobeh.
  2533 | D:3      | Reached XP level 5. HP: 31/35 MP: 3/11
  2598 | D:3      | Noticed Grinder
  2669 | D:3      | Paralysed by Grinder for 4 turns
  2719 | D:3      | Paralysed by Grinder for 7 turns
  2736 | D:3      | HP: 1/35 [Grinder (3)]
  2738 | D:3      | Slain by Grinder

Levels and vault maps discovered:
D:1:      minmay_arrival_four_houses, layout_basic, st_stairs_9
D:2:      layout_loops_ring, xom_butterflies, serial_forest,
          infiniplex_forest_clump_large, infiniplex_forest_clump_medium,
          infiniplex_forest_straight_4, infiniplex_forest_zigzag_2,
          infiniplex_forest_clump_long, infiniplex_forest_end_1
D:3:      layout_rooms, chequers_ecumenical_altar_island,
          nemelex_dance_club_becter, uniq_crazy_yiuf_cottage, uniq_grinder

Skill      XL: |  1  2  3  4 |
---------------+-------------+-----
Spellcasting   | 3 4 |  4.7
Necromancy     | 5 |  5.3
Fighting       | |  0.2
Dodging        | |  1.9
Stealth        | |  1.9
Unarmed Combat | |  0.1

Action                   |  1- 3 |  4- 6 || total
-------------------------+-------+-------++-------
Melee: Unarmed           |     3 |    19 ||    22
 Cast: Pain              |    74 |    61 ||   135
       Animate Dead      |       |     6 ||     6
Evoke: Wand              |       |     8 ||     8
  Use: Scroll            |     4 |     2 ||     6
Armor: Robe              |     2 |    17 ||    19
Dodge: Dodged            |    11 |    42 ||    53

Table legend:
 A = Non-vault XP
 B = Vault XP
 C = Vault XP percentage of total XP
 D = Non-vault monster count
 E = Vault monster count
 F = Vault count percentage of total count
                 A         B        C        D         E       F
            +---------+---------+-------+---------+---------+-------
      Total |     224 |      15 |   6.3 |      62 |       5 |   7.5
            +---------+---------+-------+---------+---------+-------
        D:1 |      38 |       5 |  11.6 |      24 |       3 |  11.1
        D:2 |      64 |       0 |   0.0 |      17 |       0 |   0.0
        D:3 |     122 |      10 |   7.6 |      21 |       2 |   8.7
            +---------+---------+-------+---------+---------+-------
